 Dungeon Crawl Stone Soup version 0.30.0-29-ga12c61a403 (webtiles) character file.

Game seed: 7813576398364825724

202 qw the Chopper (level 5, -5/32 HPs)
             Began as a Gargoyle Fighter on June 4, 2023.
             Slain by an iguana (11 damage)
             ... on level 4 of the Dungeon.
             The game lasted 00:01:11 (2798 turns).

qw the Chopper (Gargoyle Fighter)                   Turns: 2798, Time: 00:01:12

Health: -5/32      AC: 14    Str: 22    XL:     5   Next: 80%
Magic:  5/5        EV:  8    Int:  8    God:
Gold:   233        SH:  4    Dex:  9    Spells: 4/4 levels left

rFire   . . .        Y - +3 war axe (heavy)
rCold   . . .        c - +0 buckler
rNeg    + . .        j - +0 chain mail
rPois   inf          (no helmet)
rElec   +            (no cloak)
rCorr   .            (no gloves)
SInv    .            n - +0 pair of boots
Will    .....        (no amulet) Stlth
                     (no ring)
HPRegen 0.25/turn    (no ring)
MPRegen 0.09/turn

%: no passive effects
@: about to teleport
A: sickness immunity, AC +4, negative energy resistance 1, electricity
resistance, torment resistance 1, petrification resistance
a: no special abilities


You were on level 4 of the Dungeon.
You visited 1 branch of the dungeon, and saw 4 of its levels.

You collected 233 gold pieces.


Innate Abilities, Weirdness & Mutations

You are immune to sickness and miasma.
Your stone body is resilient. (AC +4)
You are immune to poison.
You resist negative energy. (rN+)
You are resistant to electric shocks. (rElec)
You are resistant to unholy torment.
You are immune to petrification.


   Skills:
 + Level 3.4 Fighting
 - Level 5.2 Axes
 - Level 3.2 Armour
 - Level 3.2 Shields


You had 4 spell levels left.
You didn't know any spells.
Your spell library was empty.

Inventory:

Hand Weapons
 g - a +0 flail
 Y - a +3 heavy war axe (weapon)
Armour
 c - a +0 buckler (worn)
 h - a +0 pair of boots of rampaging
 j - a +0 chain mail (worn)
 n - a +0 pair of boots (worn)
Scrolls
 a - a scroll of identify
Potions
 b - a potion of mutation
 d - a potion of might
 e - a potion of attraction
 f - a potion of haste
 i - a potion of ambrosia {unknown}
 k - a potion of lignification {unknown}
 l - a potion of curing {unknown}
 m - a potion of degeneration {unknown}
 o - a potion of berserk rage {unknown}

Dungeon Overview and Level Annotations

Branches:
Dungeon (4/15)
 Temple: D:4-7

Altars:
Nemelex Xobeh

Annotations:
D:3 3 runed translucent doors, qw's ghost, weakling GrFi


Message History

Enter note:
Enter note:
Enter note:
Enter note:
Enter note:
Enter note:
Enter note:
Enter note:
Enter note:
Enter note: You slash the iguana!
The iguana is severely wounded.
The iguana bites you. The iguana closely misses you.
You barely miss the iguana.
The iguana is severely wounded.
A hound comes into view.
The iguana bites you. x2
You barely miss the iguana.
The iguana is severely wounded.
The hound barks!
The iguana bites you!
The iguana bites you but does no damage.
You closely miss the iguana.
The iguana is severely wounded.
The iguana bites you but does no damage.
The iguana bites you.
You closely miss the iguana.
The iguana is severely wounded.
The iguana bites you.
You completely miss the iguana.
The iguana is severely wounded.
The iguana bites you. The iguana barely misses you.
2797 ||| READING scroll of teleportation.
As you read the scroll of teleportation, it crumbles to dust.
You feel strangely unstable. The iguana bites you.
You hit the iguana.
The iguana is almost dead.
The iguana bites you!
You die...

##........# #.#.##
#......##.###..#.##
##...#.##.....###.#
##.##.######..#.##
#.##........#.##
#.###########.# #+#
#.# #.# #@# #l# .h.
...$. .....##
##.#### .. .#.


You could see an iguana and a hound.

Vanquished Creatures
  A black bear (D:4)
  4 adders (D:3)
  A gnoll (D:1)
  A worm (D:3)
  A dart slug (D:3)
  An orc (D:3)
  6 ball pythons
  9 endoplasms
  2 giant cockroaches
  6 hobgoblins
  2 jackals (D:2)
  6 kobolds
  6 bats
  A frilled lizard (D:1)
  4 goblins
  8 rats
59 creatures vanquished.

Notes
Turn   | Place    | Note
-------+----------+-------------------------------------------
     0 | D:1      | qw the Gargoyle Fighter began the quest for the Orb.
     0 | D:1      | Reached XP level 1. HP: 14/14 MP: 1/1
     0 | D:1      | 0 ||| qw: Version: 0.2-a-107-g4668610
     0 | D:1      | 0 ||| qw: Game counter: 1265
     0 | D:1      | 0 ||| qw: Always use a shield: true
     0 | D:1      | 0 ||| qw: God list: Okawaru
     0 | D:1      | 0 ||| qw: Allow faded altars: false
     0 | D:1      | 0 ||| qw: Do Orc after D:15 true
     0 | D:1      | 0 ||| qw: Do second Lair branch before Depths: true
     0 | D:1      | 0 ||| qw: Lair rune preference: random
     0 | D:1      | 0 ||| qw: Plans: Normal, Zot:1-4, Slime:5, God:TSO, Crypt,
                  | Tomb, Abyss, Pan, Hells, Win
     0 | D:1      | 0 ||| PLANNING D:1-11
    58 | D:1      | 58 ||| Stepping ~*~*~tactically~*~*~ (stealth).
    62 | D:1      | Reached skill level 2 in Axes
    62 | D:1      | Reached XP level 2. HP: 16/19 MP: 2/2
   347 | D:1      | 347 ||| Stepping ~*~*~tactically~*~*~ (stealth).
   352 | D:1      | Reached skill level 3 in Axes
   393 | D:1      | Reached XP level 3. HP: 23/23 MP: 3/3
   395 | D:1      | 395 ||| Stepping ~*~*~tactically~*~*~ (stealth).
   411 | D:1      | 411 ||| Stepping ~*~*~tactically~*~*~ (stealth).
   412 | D:1      | 412 ||| Stepping ~*~*~tactically~*~*~ (stealth).
   738 | D:1      | 738 ||| READING scroll labelled NAEXZO JISYUPE.
   739 | D:1      | 739 ||| READING scroll labelled VAFUJOGEDE.
   744 | D:1      | 744 ||| READING 2 scrolls labelled MIJ RIVISU.
   745 | D:1      | 745 ||| READING scroll labelled ERONYA RUNI.
   746 | D:1      | 746 ||| READING 2 scrolls labelled VOASAT ZANIOL.
   747 | D:1      | 747 ||| READING scroll of enchant weapon.
   747 | D:1      | 747 ||| ENCHANTING +1 war axe.
   748 | D:1      | 748 ||| DROPPING scroll of amnesia.
   794 | D:2      | 794 ||| READING scroll of enchant weapon.
   794 | D:2      | 794 ||| ENCHANTING +2 war axe.
   899 | D:2      | 899 ||| Stepping ~*~*~tactically~*~*~ (stealth).
  1024 | D:2      | 1024 ||| Stepping ~*~*~tactically~*~*~ (hiding).
  1025 | D:2      | 1025 ||| Stepping ~*~*~tactically~*~*~ (hiding).
  1065 | D:2      | 1065 ||| Stepping ~*~*~tactically~*~*~ (stealth).
  1075 | D:2      | 1075 ||| Stepping ~*~*~tactically~*~*~ (stealth).
  1076 | D:2      | 1076 ||| Stepping ~*~*~tactically~*~*~ (stealth).
  1085 | D:2      | 1085 ||| Stepping ~*~*~tactically~*~*~ (stealth).
  1354 | D:2      | 1354 ||| UPGRADING to +0 chain mail.
  1364 | D:2      | 1364 ||| DROPPING +0 scale mail.
  1365 | D:2      | 1365 ||| READING scroll labelled ROOTE RITOETSI.
  1366 | D:2      | 1366 ||| READING 2 scrolls of identify.
  1366 | D:2      | 1366 ||| IDENTIFYING cyan potion
  1470 | D:3      | Found a runed translucent gate.
  1470 | D:3      | Found a runed translucent gate.
  1470 | D:3      | Noticed qw's ghost (weakling GrFi)
  1472 | D:3      | Found a runed translucent gate.
  1484 | D:3      | Reached XP level 4. HP: 25/28 MP: 4/4
  1523 | D:3      | Reached skill level 4 in Axes
  1696 | D:3      | Found a sparkling altar of Nemelex Xobeh.
  1732 | D:3      | 1732 ||| Stepping ~*~*~tactically~*~*~ (hiding).
  1734 | D:3      | 1734 ||| Stepping ~*~*~tactically~*~*~ (hiding).
  1735 | D:3      | 1735 ||| Stepping ~*~*~tactically~*~*~ (hiding).
  2477 | D:3      | 2477 ||| UPGRADING to +0 pair of boots.
  2482 | D:3      | 2482 ||| READING 4 scrolls of identify.
  2482 | D:3      | 2482 ||| IDENTIFYING murky puce potion
  2483 | D:3      | 2483 ||| READING 3 scrolls of identify.
  2483 | D:3      | 2483 ||| IDENTIFYING amethyst potion
  2484 | D:3      | 2484 ||| READING 2 scrolls of identify.
  2484 | D:3      | 2484 ||| IDENTIFYING smoky orange potion
  2485 | D:3      | 2485 ||| DROPPING potion of invisibility.
  2508 | D:4      | Noticed a black bear
  2512 | D:4      | Killed a black bear
  2513 | D:4      | Reached skill level 5 in Axes
  2513 | D:4      | Reached XP level 5. HP: 32/32 MP: 5/5
  2796 | D:4      | HP: 7/32 [iguana (4)]
  2797 | D:4      | 2797 ||| READING scroll of teleportation.
  2798 | D:4      | Slain by an iguana

Levels and vault maps discovered:
D:1:      onia_arrival_pentagram, layout_loops_ring
D:2:      layout_basic
D:3:      layout_basic, mainiacjoe_overflow_24_doors, gammafunk_ghost_split
D:4:      layout_loops_corners

Skill      XL: |  1  2  3  4 |
---------------+-------------+-----
Axes           | 2 3 5 |  5.2
Fighting       | |  3.4
Armour         | |  3.2
Shields        | |  3.2

Action                     |  1- 3 |  4- 6 || total
---------------------------+-------+-------++-------
  Melee: War axe           |    85 |    51 ||   136
    Use: Scroll            |     9 |     4 ||    13
 Armour: Scale mail        |    27 |       ||    27
         Chain mail        |     4 |    38 ||    42
  Dodge: Dodged            |    31 |    26 ||    57
  Block: Buckler           |     9 |    15 ||    24

Table legend:
 A = Non-vault XP
 B = Vault XP
 C = Vault XP percentage of total XP
 D = Non-vault monster count
 E = Vault monster count
 F = Vault count percentage of total count
                 A         B        C        D         E       F
            +---------+---------+-------+---------+---------+-------
      Total |     289 |       0 |   0.0 |      59 |       0 |   0.0
            +---------+---------+-------+---------+---------+-------
        D:1 |      44 |       0 |   0.0 |      20 |       0 |   0.0
        D:2 |      29 |       0 |   0.0 |      17 |       0 |   0.0
        D:3 |      80 |       0 |   0.0 |      15 |       0 |   0.0
        D:4 |     136 |       0 |   0.0 |       7 |       0 |   0.0
            +---------+---------+-------+---------+---------+-------
